 Dungeon Sprint DCSS version 0.28-b1-25-g9875b3fc8c (webtiles) character file.

Game seed: 16739914264739485584

0 boopmooplesden the Shield-Bearer (level 1, -2/20 HPs)
             Began as a Minotaur Fighter on Feb 1, 2022.
             Was an Initiate of Okawaru.
             Slain by Terence (7 damage)
             ... in the Dungeon (Sprint VI: "Thunderdome").
             The game lasted 00:00:52 (95 turns).

boopmooplesden the Shield-Bearer (Minotaur Fighter)   Turns: 95, Time: 00:00:53

Health: -2/20      AC:  7    Str: 20    XL:     1   Next: 66%
Magic:  9/9        EV:  9    Int: 11    God:    Okawaru [......]
Gold:   65         SH:  6    Dex: 23    Spells: 0/0 levels left

rFire   x . .      SeeInvis +   a - +0 war axe
rCold   . . .      Faith    +   c - +0 buckler
rNeg    + . .      Spirit   .   b - +0 scale mail
rPois   +          Reflect  .   (helmet restricted)
rElec   .          Harm     +   (no cloak)
rCorr   .          Rampage  .   (no gloves)
Will    .....      NoTele   +   (no boots)
Stlth   +.........              o - amulet of Music {Faith Harm rF- Dex+4}
HPRegen 0.06/turn               p - ring of Tesyllem {Str+4 Int+6 Dex+10}
MPRegen 0.11/turn               q - ring of Temuoq {rPois rN+ MP+9 Str-4 SInv}

@: mighty
A: horns 2, retaliatory headbutt
a: Renounce Religion


You were in the Dungeon.
You worshipped Okawaru.
Okawaru was noncommittal.
You visited 1 branch You collected 200 gold pieces.
You spent 135 gold pieces at shops.

Inventory:

Hand Weapons
 a - a +0 war axe (weapon)
Armour
 b - a +0 scale mail (worn)
 c - a +0 buckler (worn)
Jewellery
 o - the amulet of Music (around neck) {Faith Harm rF- Dex+4}
   (You bought it in a shop in the Dungeon)

   [amulet of faith]

   It allows you to gain divine favour quickly.
   Dex:       It affects your dexterity (+4).
   rF:        It makes you vulnerable to fire.
   Harm:      It increases damage dealt and taken.
 p - the ring of Tesyllem (left hand) {Str+4 Int+6 Dex+10}
   (You bought it in a shop in the Dungeon)

   [ring of intelligence]

   Str:       It affects your strength (+4).
   Int:       It affects your intelligence (+6).
   Dex:       It affects your dexterity (+10).
 q - the ring of Temuoq (right hand) {rPois rN+ MP+9 Str-4 SInv}
   (You bought it in a shop in the Dungeon)

   [ring of magical power]

   Str:       It affects your strength (-4).
   rPois:     It protects you from poison.
   rN:        It protects you from negative energy.
   MP:        It affects your magic capacity (+9).
   SInv:      It lets you see invisible.
Wands
 l - a wand of acid (5)
 m - a wand of iceblast (5)
Scrolls
 j - 4 scrolls of blinking
 n - 3 scrolls of fog
Potions
 e - a potion of curing
 f - 3 potions of heal wounds
 g - 4 potions of haste
 h - 2 potions of magic
 i - a potion of berserk rage
 k - a potion of resistance


   Skills:
 + Level 4.1 Fighting
 + Level 3.0 Axes
 + Level 4.1 Armour
 + Level 4.5 Shields


You couldn't memorise any spells.
You didn't know any spells.
Your spell library was empty.

Dungeon Overview and Level Annotations

Branches:
Dungeon (1/1)

Altars:
Cheibriados
Dithmenos
Fedhas
Gozag
Kikubaaqudgha
Makhleb
Okawaru
Qazlal
Ru
Sif Muna
Trog
Uskayaw
Vehumet
Wu Jian
Xom
Yredelemnul
Zin
The Shining One
Beogh
Lugonu

Shops:
D *[??*?*:[((!!!!

Annotations:
D Terence


Innate Abilities, Weirdness & Mutations

You have a pair of horns on your head.
You reflexively headbutt those who attack you in melee.


Message History

Found a basalt altar of Yredelemnul.
The ball python closely misses you. The ball python barely misses you.
You block the ball python's attack. The ball python barely misses you.
Found Koar's Staff Store.
You closely miss the ball python. The ball python barely misses you.
You furiously retaliate!
You headbutt the ball python.
You kill the ball python!
Okawaru accepts your kill.
Your Armour skill increases to level 4!
Found three shops.
Found a shadowy altar of Dithmenos.
Terence the Incautious comes into view.
He is wielding a +0 flail.
Terence closely misses you.
You hit Terence but do no damage. You headbutt Terence.
Terence is lightly wounded.
Terence hits you with a +0 flail.
You hit Terence. You headbutt Terence, but do no damage.
Terence is lightly wounded. 50...
Terence hits you with a +0 flail. x2
* * * LOW HITPOINT WARNING * * *
You barely miss Terence. Your headbutt misses Terence.
Terence is lightly wounded.
Terence hits you with a +0 flail.
* * * LOW HITPOINT WARNING * * *
Terence says, "Don't bother to defend, it's pointless."
You feel much better. Terence hits you but does no damage.
You feel very mighty all of a sudden. Terence hits you with a +0 flail.
You closely miss Terence. You headbutt Terence!
Terence is heavily wounded.
Terence hits you with a +0 flail! Terence hits you with a +0 flail.
* * * LOW HITPOINT WARNING * * *
You barely miss Terence.
Terence is heavily wounded.
Terence hits you with a +0 flail.
* * * LOW HITPOINT WARNING * * *
You barely miss Terence.
Terence is heavily wounded.
Terence hits you with a +0 flail.
You die...

#⌠...........⌠#
######.8.........8.######
##.___......###......___∩##
###∩........8.# #.8........∩#
##.............###............
#⌠..........###...###.........
#⌠..........# #.<.# #.........
#⌠..........###...###....†....
##..........@@.###............
###∩........8.# #.8........∩#
##∩___......###......___∩##
######.8.........8.######
#⌠...........⌠#
###.........### #_......._#
#_).......# #_........#


You could see Terence.

Vanquished Creatures
  An orc (D)
  An endoplasm (D)
  A quokka (D)
  A ball python (D)
4 creatures vanquished.

Notes
Turn   | Place    | Note
-------+----------+-------------------------------------------
     0 | D        | boopmooplesden the Minotaur Fighter began the quest for the
                  | Orb.
     0 | D        | Reached XP level 1. HP: 19/19 MP: 0/0
     3 | D        | Found a shimmering blue altar of Sif Muna.
     3 | D        | Found a glowing silver altar of Zin.
     4 | D        | Found a radiant altar of Vehumet.
     5 | D        | Found a stormy altar of Qazlal.
     5 | D        | Round 1.
     6 | D        | Found a shimmering altar of Xom.
     6 | D        | Found an ancient bone altar of Kikubaaqudgha.
     6 | D        | Found Yzxamoyth's Identification Station.
     7 | D        | Found Loqokuh Ner's Jewellery.
     7 | D        | Found Daybeboi's Advanced Armour.
    15 | D        | Bought a clouded copper amulet for 45 gold pieces
    15 | D        | Identified the amulet of Music {Faith Harm rF- Dex+4} (You
                  | bought it in a shop in the Dungeon)
    15 | D        | Bought a wavering granite ring for 45 gold pieces
    15 | D        | Identified the ring of Tesyllem {Str+4 Int+6 Dex+10} (You
                  | bought it in a shop in the Dungeon)
    15 | D        | Bought a translucent platinum ring for 45 gold pieces
    15 | D        | Identified the ring of Temuoq {rPois rN+ MP+9 Str-4 SInv}
                  | (You bought it in a shop in the Dungeon)
    25 | D        | Found an iron altar of Okawaru.
    26 | D        | Found a blossoming altar of Fedhas.
    27 | D        | Found a hide-covered altar of Uskayaw.
    28 | D        | Found Ycvog's Premium Goods.
    29 | D        | Found Nuruz's Miscellaneous Merchandise.
    29 | D        | Found Ammouk's Basic Armour.
    35 | D        | Became a worshipper of Warmaster Okawaru
    42 | D        | Found a sacrificial altar of Ru.
    42 | D        | Found Olicziaw's Weapon Rack.
    46 | D        | Found a snail-covered altar of Cheibriados.
    47 | D        | Found a bloodstained altar of Trog.
    48 | D        | Found a burning altar of Makhleb.
    49 | D        | Found Baluclases's Do-It-Yourself Clinic.
    51 | D        | Found Gicuast's Bottled Wisdom.
    51 | D        | Found Wuddunt's Distillery.
    51 | D        | Found an opulent altar of Gozag.
    51 | D        | Found a corrupted altar of Lugonu.
    51 | D        | Found an ornate altar of the Wu Jian Council.
    51 | D        | Found Peukase's Distillery.
    63 | D        | Found a glowing golden altar of the Shining One.
    64 | D        | Found a basalt altar of Yredelemnul.
    65 | D        | Found Koar's Staff Store.
    67 | D        | Found a shadowy altar of Dithmenos.
    67 | D        | Found Afemm's Magic Scroll Shop.
    67 | D        | Found Diguxuad's Must-Have Magic.
    67 | D        | Found Luhes's Magic Scroll Shop.
    77 | D        | Noticed Terence
    95 | D        | Slain by Terence

Illustrated notes

Levels and vault maps discovered:
D:        arena_sprint

Skill      XL: |  1 |
---------------+----+-----
Fighting       | 4 |  4.1
Shields        | 4 |  4.5
Axes           | 3 |  3.0
Armour         | 4 |  4.1

Action                   || total
-------------------------++-------
Melee: War axe           ||    16
       Headbutt          ||     6
  Use: Potion            ||     2
Armor: Scale mail        ||     5
Dodge: Dodged            ||     9
Block: Buckler           ||     3
